 Dungeon Crawl Stone Soup version 0.28.0-1-gb440e238dd (webtiles) character file.

Game seed: 15807147778775811334

3601 horus123 the Zephyrmancer (level 9, -12/62 HPs)
             Began as a Pale Draconian Air Elementalist on Feb 19, 2022.
             Was an Initiate of Qazlal.
             Mangled by a boulder beetle (26 damage)
             ... on level 7 of the Dungeon.
             The game lasted 00:23:35 (9123 turns).

horus123 the Zephyrmancer (DrAE)                    Turns: 9123, Time: 00:23:36

Health: -12/62     AC:  7    Str: 10    XL:     9   Next: 85%
Magic:  28/29      EV: 12    Int: 20    God:    Qazlal [......]
Gold:   421        SH:  0    Dex: 12    Spells: 12/23 levels left

rFire   . . .      SeeInvis .   u - +2 spear (venom)
rCold   . . .      Faith    .   (no shield)
rNeg    . . .      Spirit   .   (armour unavailable)
rPois   .          Reflect  .   (helmet restricted)
rElec   .          Harm     .   (no cloak)
rCorr   .          Rampage  .   (no gloves)
Will    .....                   (no boots)
Stlth   ++........              (no amulet)
HPRegen 0.20/turn               h - ring of flight
MPRegen 0.21/turn               n - ring of magical power

@: flying
A: breathe steam, AC +7, unfitting armour, cold-blooded, steam resistance
a: Breathe Steam, Renounce Religion


You were on level 7 of the Dungeon.
You worshipped Qazlal.
Qazlal was noncommittal.
You visited 2 branches of the dungeon, and saw 8 of its levels.

You collected 421 gold pieces.

Inventory:

Hand Weapons
 p - a +0 flail of protection
 u - a +2 spear of venom (weapon)
Jewellery
 h - a ring of flight (left hand)
 j - a ring of protection from cold
 n - a ring of magical power (right hand)
Wands
 k - a wand of acid (6)
 q - a wand of iceblast (1)
 v - a wand of flame (14)
Scrolls
 d - 2 scrolls of enchant armour
 l - 2 scrolls of magic mapping
 m - a scroll of teleportation
 r - a scroll of brand weapon
 t - a scroll of fear
 w - a scroll of immolation
Potions
 a - a potion of lignification
 b - 2 potions of brilliance {unknown}
 c - a potion of curing
 e - 4 potions of attraction {unknown}
 f - 2 potions of degeneration {unknown}
 g - a potion of haste {unknown}
 i - a potion of flight {unknown}
 o - a potion of heal wounds {unknown}
 s - 2 potions of might {unknown}


   Skills:
 - Level 1.7 Dodging
 - Level 1.7 Stealth
 - Level 7.6 Spellcasting
 - Level 4.0 Conjurations
 - Level 9.3 Air Magic
 + Level 8.2 Evocations


You had 12 spell levels left.
You knew the following spells:

 Your Spells              Type           Power      Damage    Failure   Level
a - Shock                 Conj/Air       100%       1d9       1%          1
b - Static Discharge      Conj/Air       34%        N/A       1%          2
c - Airstrike             Air            22%        N/A       1%          4
d - Sticky Flame          Conj/Fire      15%        2d4       36%         4

Your spell library contained the following spells:

 Spells                   Type           Power      Damage    Failure   Level
 Swiftness                Air            45%        N/A       1%          3
 Animate Skeleton         Necr           14%        N/A       9%          1
 Pain                     Necr           28%        1d5       9%          1
 Summon Small Mammal      Summ           28%        N/A       9%          1
 Conjure Flame            Conj/Fire      15%        6-21      12%         3
 Ensorcelled Hibernation  Hex/Ice        14%        N/A       13%         2
 Call Canine Familiar     Summ           7%         N/A       26%         3
 Gell's Gravitas          Tloc           7%         N/A       26%         3
 Ignite Poison            Fire/Tmut/Pois 7%         N/A       26%         3
 Spider Form              Tmut/Pois      7%         N/A       26%         3
 Summon Guardian Golem    Hex/Summ       7%         N/A       26%         3
 Teleport Other           Tloc           7%         N/A       26%         3
 Vampiric Draining        Necr           7%         2d6       26%         3
 Anguish                  Hex/Necr       3%         N/A       65%         4
 Dispersal                Tloc           3%         N/A       100%        6


Dungeon Overview and Level Annotations

Branches:
Dungeon (7/15)             Temple (1/1) D:7

Altars:
Ashenzari
Cheibriados
Elyvilon
Hepliaklqana
Okawaru
Qazlal
Ru
Trog
Uskayaw
Vehumet
Xom

Shops:
D:4 *

Portals:
Abyss: D:6

Annotations:
D:3 3 runed translucent doors, Clumpoid's ghost, weakling OpEE; browni3141's ghost, amateur MiBe; scisormetimb3rs's ghost, amateur HOFi
D:6 2 transporters, cbfl8's ghost, novice MiBe


Innate Abilities, Weirdness & Mutations

You can breathe blasts of scalding, opaque steam.
Your pale cyan-grey scales are hard. (AC +7)
You cannot fit into any form of body armour.
You are cold-blooded and may be slowed by cold attacks.
You are immune to the effects of steam.


Message History

Aim: a boulder beetle (lightly wounded, rolling, covered in acid)
The mass of ice explodes!
The iceblast engulfs the boulder beetle.
The boulder beetle is lightly wounded.
Qazlal accepts your kill.
You feel a bit more experienced.
Your Evocations skill increases to level 8!
Aiming: Iceblast
Press: ? - help, Shift-Dir - straight line, f/p - boulder beetle
Aim: a boulder beetle (lightly wounded, rolling, covered in acid)
The mass of ice explodes!
The iceblast engulfs the boulder beetle!
The boulder beetle is moderately wounded.
The boulder beetle hits you.
* * * LOW HITPOINT WARNING * * *
The boulder beetle stops rolling and uncurls.
Okay, then.
Reach: u) +2 spear (venom)
Press: ? - help, Dir - move target, f/p - boulder beetle
Aim: a boulder beetle (moderately wounded, covered in acid, about 10% to evade your +2 spear of venom)
Okay, then.
Reach: u) +2 spear (venom)
Press: ? - help, Dir - move target, f/p - boulder beetle
Aim: a boulder beetle (moderately wounded, covered in acid, about 10% to evade your +2 spear of venom)
Okay, then.
Aiming: Corrosive Bolt
Press: ? - help, Shift-Dir - straight line, f/p - boulder beetle
Aim: a boulder beetle (moderately wounded, covered in acid, 100% to hit)
The bolt of acid hits the boulder beetle!!
The boulder beetle seems to be corroded for longer.
The boulder beetle is heavily wounded.
The boulder beetle barely misses you.
Aiming: Throw Flame
Press: ? - help, Shift-Dir - straight line, f/p - boulder beetle
Aim: a boulder beetle (heavily wounded, covered in acid, 100% to hit)
The puff of flame hits the boulder beetle.
The boulder beetle is heavily wounded.
You have got your breath back.
The boulder beetle bites you!!
You die...

.......<....##.#.###..##..#..####
#########...#.#.#.###..#.##.##
#########..##.#.#.####...#..#
#...<...)..#.#.#.#.####.##..#
..##.####.##.#.#.#.##...#...#
####.###..#.#.#.#.#.##.##...#
###.#.##.##ยง#(#)#[#.##.#....#
...###...#)#.#######.#.#.#.##
###.#.#..#{##..B@.....##.#.#
..##.##.##D #########.#..#.#
#.##....##. ##......##[##.#
#.##.:.###. #.#######.....#
#.##...# #. ##.....##...###
#.##..## B) #####.#..### #.##..#
##..##.## #.##.## #.###..# #.##.#
##.##..#


You could see a boulder beetle (corroded).

Vanquished Creatures
  A two-headed ogre (D:7)
  An unseen horror (D:7)
  A troll (D:7)
  Grinder (D:5)
  2 hornets (D:7)
  A slime creature (D:7)
  A vampire mosquito (D:7)
  An acid dragon (D:7)
  Duvessa (D:7)
  A black bear (D:5)
  A necrophage (D:4)
  2 ogres
  A scorpion (D:4)
  3 bullfrogs
  A wyvern skeleton (D:5)
  Dowan (D:7)
  A water moccasin skeleton (D:6)
  4 wights (D:7)
  A bullfrog zombie (D:6)
  An orc priest (D:7)
  3 hounds
  An iguana (D:4)
  An orc wizard (D:7)
  Robin (D:3)
  A howler monkey zombie (D:6)
  8 adders
  10 gnolls
  A shadow imp (D:7)
  2 white imps
  2 adder skeletons (D:4)
  3 worms
  2 dart slugs
  6 orcs
  4 ball pythons
  6 bats
  5 endoplasms
  5 giant cockroaches
  24 goblins
  9 hobgoblins
  9 quokkas
  2 frilled lizards (D:1)
  5 kobolds
  4 rats
141 creatures vanquished.

Vanquished Creatures (others)
  9 fungi (D:5)
  4 toadstools (D:5)
  4 withered plants (D:3)
17 creatures vanquished.

Grand Total: 158 creatures vanquished

Notes
Turn   | Place    | Note
-------+----------+-------------------------------------------
     0 | D:1      | horus123 the Draconian Air Elementalist began the quest for
                  | the Orb.
     0 | D:1      | Reached XP level 1. HP: 14/14 MP: 3/3
   304 | D:1      | Reached XP level 2. HP: 20/20 MP: 2/5
  1472 | D:2      | Reached XP level 3. HP: 22/26 MP: 1/8
  1777 | D:2      | Found an iron altar of Okawaru.
  2100 | D:2      | Learned a level 2 spell: Static Discharge
  2170 | D:2      | Reached XP level 4. HP: 33/33 MP: 3/10
  2175 | D:2      | Learned a level 4 spell: Airstrike
  2945 | D:3      | Noticed Robin
  3368 | D:3      | Found a runed translucent gate.
  3368 | D:3      | Found a runed translucent gate.
  3369 | D:3      | Found a runed translucent gate.
  3373 | D:3      | Noticed browni3141's ghost (amateur MiBe)
  3373 | D:3      | Noticed Clumpoid's ghost (weakling OpEE)
  3373 | D:3      | Noticed scisormetimb3rs's ghost (amateur HOFi)
  3545 | D:3      | Killed Robin
  3546 | D:3      | Reached skill level 4 in Air Magic
  3801 | D:4      | Reached XP level 5. HP: 38/38 MP: 0/11
  4058 | D:4      | Reached skill level 5 in Air Magic
  4064 | D:4      | HP: 1/38 [poisoned by a scorpion]
  4781 | D:4      | Found Eblareeg's Fire Supplies.
  4874 | D:4      | Noticed a necrophage
  4883 | D:4      | Killed a necrophage
  4884 | D:4      | Reached XP level 6. HP: 45/45 MP: 12/12
  5152 | D:5      | Entered Level 5 of the Dungeon
  5191 | D:5      | Reached skill level 6 in Air Magic
  6366 | D:5      | Reached skill level 7 in Air Magic
  6366 | D:5      | Your scales start taking on a pale cyan-grey colour.
  6366 | D:5      | Reached XP level 7. HP: 38/50 MP: 13/13
  6366 | D:5      | Gained mutation: You are immune to the effects of steam.
                  | [Pale Draconian growth]
  6398 | D:5      | Reached skill level 8 in Air Magic
  6532 | D:5      | Found an iron altar of Okawaru.
  6578 | D:5      | Noticed Grinder
  6583 | D:5      | Killed Grinder
  6584 | D:5      | Reached skill level 9 in Air Magic
  6747 | D:6      | Found a transporter.
  6764 | D:6      | Noticed a white ugly thing
  6766 | D:6      | Noticed cbfl8's ghost (novice MiBe)
  6773 | D:6      | Found a one-way gate to the infinite horrors of the Abyss.
  6784 | D:6      | Found a transporter.
  6817 | D:6      | Reached XP level 8. HP: 57/57 MP: 14/14
  7526 | D:7      | Noticed a hornet
  7532 | D:7      | Killed a hornet
  7533 | D:7      | Reached skill level 5 in Spellcasting
  7860 | D:7      | Noticed Dowan
  7862 | D:7      | Killed Dowan
  7867 | D:7      | Noticed Duvessa
  7871 | D:7      | Killed Duvessa
  8062 | D:7      | Learned a level 4 spell: Sticky Flame
  8134 | D:7      | Found a flagged portal.
  8295 | D:7      | Found a staircase to the Ecumenical Temple.
  8326 | Temple   | Entered the Ecumenical Temple
  8591 | Temple   | Became a worshipper of Qazlal Stormbringer
  8683 | D:7      | Found a broken altar of Ashenzari.
  8870 | D:7      | Noticed a hornet
  8874 | D:7      | Killed a hornet
  8875 | D:7      | Reached XP level 9. HP: 40/62 MP: 12/20
  9096 | D:7      | Noticed a boulder beetle
  9097 | D:7      | Noticed a two-headed ogre
  9100 | D:7      | Noticed a troll
  9104 | D:7      | Killed a two-headed ogre
  9105 | D:7      | Reached skill level 5 in Evocations
  9107 | D:7      | Killed an unseen horror
  9107 | D:7      | HP: 3/62 [shot self (15)]
  9108 | D:7      | Killed a troll
  9123 | D:7      | Mangled by a boulder beetle

Illustrated notes

Levels and vault maps discovered:
D:1:      scummos_arrival_simple_crosswalls, layout_loops_ring,
          dk_noncrumbling_3, chequers_arboretum
D:2:      layout_basic, basic_altar, minmay_misc_feat_five
D:3:      layout_loops_cross, gammafunk_ghost_cemetery, uniq_robin
D:4:      layout_basic, nicolae_shop_fire_sale [nicolae_sub_dead_trees]
D:5:      layout_cave_pools, okawaru_metal_pillars_1_2, gup_sewer_entry_spiral,
          hangedman_decor_peaks_small, minmay_gold_behind_fungi, uniq_grinder
D:6:      layout_basic, gammafunk_ghost_abyssal_escape, minmay_misc_feat_tiny
D:7:      minmay_the_grid_triangle_9x9_rhombus_thin
          [minmay_the_grid_triangle_9x9_impossible_snake,
          minmay_the_grid_triangle_9x9_prize_center,
          minmay_the_grid_triangle_9x9_semitri,
          minmay_the_grid_triangle_9x9_stretched_checkered], layout_loops_ring,
          ashenzari_conservatory_becter, minmay_temple_entry_glass,
          enter_bailey_5, uniq_maggie, uniq_duvessa
Temple:   hc_temple_tempest_star

Skill      XL: |  1  2  3  4  5  6  7  8  9 |
---------------+----------------------------+-----
Spellcasting   | 3 4 7 |  7.6
Air Magic      | 4 5 7 9 |  9.3
Conjurations   | 2 4 |  4.0
Evocations     | 8 |  8.2
Dodging        | |  1.7
Stealth        | |  1.7

Action                   |  1- 3 |  4- 6 |  7- 9 || total
-------------------------+-------+-------+-------++-------
Melee: Spear             |    18 |    16 |    11 ||    45
       Dagger            |     6 |       |       ||     6
       Tailslap          |     3 |     3 |     2 ||     8
       Punch             |     1 |       |       ||     1
       Flail             |       |    13 |       ||    13
 Cast: Shock             |    86 |   155 |    54 ||   295
       Airstrike         |       |       |    19 ||    19
       Static Discharge  |       |       |     5 ||     5
 Abil: Breathe Steam     |       |       |    12 ||    12
Evoke: Wand              |       |       |    13 ||    13
  Use: Scroll            |     3 |     4 |     2 ||     9
       Potion            |       |     1 |     4 ||     5
 Stab: Sleeping          |     1 |     2 |       ||     3
Armor: Skin              |    19 |    29 |    10 ||    58
Dodge: Dodged            |    43 |    50 |    19 ||   112
